 Dungeon Crawl Stone Soup version 0.30-a0-760-g5a9884bb7c (webtiles) character file.

Game seed: 9078325476363012053

178 bjtr the Digger (level 5, -4/28 HPs)
             Began as a Gargoyle Earth Elementalist on Feb 12, 2023.
             Slain by Crazy Yiuf
             ... wielding a +3 quarterstaff of chaos
              (14 damage)
             ... on level 2 of the Dungeon.
             The game lasted 00:11:26 (2481 turns).

bjtr the Digger (Gargoyle Earth Elementalist)       Turns: 2481, Time: 00:11:27

Health: -4/28      AC: 10    Str: 12    XL:     5   Next: 58%
Magic:  5/9        EV: 11    Int: 17    God:
Gold:   53         SH:  0    Dex: 10    Spells: 2/9 levels left

rFire   . . .      SeeInvis .    a - +0 morningstar
rCold   . . .      Faith    .    (no shield)
rNeg    + . .      Spirit   .    m - +0 leather armour
rPois   ∞          Reflect  .    o - +2 helmet
rElec   +          Harm     .    (no cloak)
rCorr   .          Rampage  .    (no gloves)
Will    +....                    (no boots)
Stlth   ++                       (no amulet)
HPRegen 0.24/turn                t - ring of willpower
MPRegen 0.11/turn                (no ring)

@: very slightly contaminated
A: sickness immunity, AC +4, negative energy resistance 1, electricity
resistance, torment resistance 1, petrification resistance
a: no special abilities


You were on level 2 of the Dungeon.
You visited 1 branch of the dungeon, and saw 2 of its levels.

You collected 53 gold pieces.

Inventory:

Hand Weapons
 a - a +0 morningstar (weapon)
 e - a +0 whip
 i - a +0 spear
 r - a +0 rapier
 s - a +0 club
Missiles
 j - 9 poisoned darts
 k - 5 curare-tipped darts
Armour
 m - a +0 leather armour (worn)
 o - a +2 helmet (worn)
Jewellery
 t - a ring of willpower (left hand)
Scrolls
 g - a scroll of immolation {unknown}
 h - 7 scrolls of identify {unknown}
 l - a scroll of magic mapping {unknown}
 u - 2 scrolls of enchant weapon {unknown}
 v - a scroll of teleportation {unknown}
Potions
 b - a potion of magic
 c - 2 potions of curing {unknown}
 d - 2 potions of attraction {unknown}
 f - a potion of heal wounds {unknown}
 n - 2 potions of mutation {unknown}
 p - a potion of berserk rage {unknown}
 q - a potion of flight {unknown}


   Skills:
 + Level 1.3 Armour
 + Level 1.6 Dodging
 + Level 2.3 Stealth
 + Level 2.8 Spellcasting
 - Level 0.7 Transmutations
 * Level 6.3 Earth Magic


You had 2 spell levels left.
You knew the following spells:

 Your Spells              Type           Power      Damage    Failure   Level
a - Sandblast             Erth           48%        2d12      1%          1
b - Passwall              Tmut/Erth      11%        N/A       8%          2
c - Stone Arrow           Conj/Erth      26%        3d8       19%         3
d - Slow                  Hex            8%         N/A       22%         1

Your spell library contained the following spells:

 Spells                   Type           Power      Damage    Failure   Level
 Petrify                  Tmut/Erth      14%        N/A       45%         4
 Confusing Touch          Hex            2%         N/A       56%         3
 Vampiric Draining        Necr           2%         2d6       56%         3


Dungeon Overview and Level Annotations

Branches:
Dungeon (2/15)

Altars:

Annotations:
D:2 Crazy Yiuf


Innate Abilities, Weirdness & Mutations

You are immune to sickness and miasma.
Your stone body is resilient. (AC +4)
You are immune to poison.
You resist negative energy. (rN+)
You are resistant to electric shocks. (rElec)
You are resistant to unholy torment.
You are immune to petrification.


Message History

You don't know that spell.
Casting: Sandblast (safe; 1% risk of failure)
Confirm with . or Enter, or press ? or * to list all spells.
Aiming: Slow (safe; 22% risk of failure)
Press: ? - help, Shift-Dir - straight line, f - Crazy Yiuf
Aim: Crazy Yiuf, wielding a +3 quarterstaff of chaos and wearing a +0 cloak (chance to affect: 44%)
You miscast Slow.
You are very lightly contaminated with residual magic.
Nothing appears to happen.
Crazy Yiuf laughs, "Adder forty-two forty-two!"
You barely miss Crazy Yiuf. Crazy Yiuf closely misses you.
You closely miss Crazy Yiuf. Crazy Yiuf closely misses you.
Crazy Yiuf hits you with a +3 quarterstaff of chaos!
Crazy Yiuf burns you.
Casting: Slow (safe; 22% risk of failure)
Confirm with . or Enter, or press ? or * to list all spells.
Aiming: Slow (safe; 22% risk of failure)
Press: ? - help, Shift-Dir - straight line, f/p - Crazy Yiuf
Aim: Crazy Yiuf, wielding a +3 quarterstaff of chaos and wearing a +0 cloak (chance to affect: 44%)
You miscast Slow.
Nothing appears to happen.
Crazy Yiuf hits you with a +3 quarterstaff of chaos.
Crazy Yiuf freezes you.
* * * LOW HITPOINT WARNING * * *
Crazy Yiuf attacks as you move away! Crazy Yiuf closely misses you.
Crazy Yiuf attacks as you move away! Crazy Yiuf barely misses you.
Crazy Yiuf waves his quarterstaff at you.
Okay, then.
Okay, then.
Casting: Slow (safe; 22% risk of failure)
Confirm with . or Enter, or press ? or * to list all spells.
The spell is quite dangerous to miscast (19% risk of failure)!
Continue anyway?
Aiming: Stone Arrow (quite dangerous; 19% risk of failure)
Press: ? - help, Shift-Dir - straight line, f/p - Crazy Yiuf
Aim: Crazy Yiuf, wielding a +3 quarterstaff of chaos and wearing a +0 cloak (72% to hit)
The stone arrow hits Crazy Yiuf!
Crazy Yiuf is severely wounded.
Crazy Yiuf yells, "Tonal!"
Crazy Yiuf hits you with a +3 quarterstaff of chaos!
Ouch! That really hurt!
You die...

.# #.###..)#.##.....#.#
##'#...#
.###.......'.######...#
#.#.#[#
...........#.......#..#
#.###.#
........####.##########
###.... ........####.#
##### ........'....# #....
#.......####.##♣♣ ### #...#
#...########....♣♣ ♣♣#..)#
##... #)..#
#......@♣♣♣♣.'...# #...
#...######.#.....g♣..♣#...#
#... #......†.........♣.♣♣♣
### #...
###..........##♣♣♣♣♣ #...
#..........# #...
#..........### ########...
#............# #......#...
#............# #......#...
#..^.........# #..........


You could see Crazy Yiuf.

Vanquished Creatures
  Terence (D:2)
  Natasha (thrice) (D:2)
  An adder (D:2)
  3 worms (D:2)
  2 dart slugs
  6 ball pythons
  8 endoplasms
  7 giant cockroaches (D:2)
  A goblin (D:2)
  6 hobgoblins
  4 kobolds (D:1)
  2 quokkas
  4 bats
  2 frilled lizards
  6 rats
56 creatures vanquished.

Notes
Turn   | Place    | Note
-------+----------+-------------------------------------------
     0 | D:1      | bjtr the Gargoyle Earth Elementalist began the quest for
                  | the Orb.
     0 | D:1      | Reached XP level 1. HP: 10/10 MP: 3/3
   126 | D:1      | Reached skill level 4 in Earth Magic
   258 | D:1      | Reached XP level 2. HP: 15/15 MP: 3/5
   261 | D:1      | Learned a level 2 spell: Passwall
   262 | D:1      | Found a faded altar of an unknown god.
   959 | D:1      | Reached XP level 3. HP: 19/19 MP: 3/6
  1333 | D:2      | Reached skill level 5 in Earth Magic
  1472 | D:2      | Found a runed translucent door.
  1473 | D:2      | Noticed Crazy Yiuf
  1552 | D:2      | Learned a level 3 spell: Stone Arrow
  1554 | D:2      | Learned a level 1 spell: Slow
  1585 | D:2      | Reached XP level 4. HP: 24/24 MP: 4/7
  1885 | D:2      | Noticed Natasha
  1896 | D:2      | Killed Natasha
  2099 | D:2      | Noticed Terence
  2103 | D:2      | Killed Terence
  2104 | D:2      | Reached skill level 6 in Earth Magic
  2104 | D:2      | Reached XP level 5. HP: 28/28 MP: 0/9
  2275 | D:2      | Noticed Natasha
  2279 | D:2      | Killed Natasha
  2280 | D:2      | Reached skill level 1 in Armour
  2423 | D:2      | Noticed Natasha
  2428 | D:2      | Killed Natasha
  2481 | D:2      | Slain by Crazy Yiuf

Illustrated notes

Levels and vault maps discovered:
D:1:      shiori_shiawase, layout_basic, chequers_ecumenical_altar_island
D:2:      layout_basic, minmay_worlds_worst_comb, uniq_natasha, uniq_terence,
          uniq_crazy_yiuf_cottage

Skill      XL: |  1  2  3  4  5 |
---------------+----------------+-----
Earth Magic    | 4 5 6 |  6.3
Armour         | 1 |  1.3
Dodging        | |  1.6
Stealth        | |  2.3
Spellcasting   | |  2.8
Transmutations | |  0.7

Action                     |  1- 3 |  4- 6 || total
---------------------------+-------+-------++-------
  Melee: Whip              |       |    14 ||    14
         Morningstar       |       |     3 ||     3
   Cast: Sandblast         |    52 |    35 ||    87
         Stone Arrow       |       |     3 ||     3
 Armour: Robe              |     2 |       ||     2
         Leather armour    |     1 |     8 ||     9
  Dodge: Dodged            |     5 |    16 ||    21

Table legend: (Time is in decaauts)
 A = Elapsed time spent in this place.
 B = Non-inter-level travel time spent in this place.
 C = Inter-level travel time spent in this place.
 D = Time resting spent in this place.
 E = Time spent auto-exploring this place.
 F = Levels seen in this place.
 G = Mean time per level.
                   A        B        C        D        E       F      G
               +--------+--------+--------+--------+--------+-----+--------+
         Total |   2530 |   2530 |      0 |    121 |   1863 |   2 | 1265.0 |
       Dungeon |   2530 |   2530 |      0 |    121 |   1863 |   2 | 1265.0 |
               +--------+--------+--------+--------+--------+-----+--------+

Top non-repeatable levels by time:
     D:2: 1266 daAuts
     D:1: 1264 daAuts
